 Dungeon Crawl Stone Soup version 0.28.0-45-g0d030f2227 (webtiles) character file.

Game seed: 8171834598224419259

63 protoss039 the Magician (level 3, -1/24 HPs)
             Began as a Mummy Ice Elementalist on Apr 11, 2022.
             Slain by a centaur skeleton (2 damage)
             ... on level 2 of the Dungeon.
             The game lasted 00:03:09 (2452 turns).

protoss039 the Magician (Mummy Ice Elementalist)    Turns: 2452, Time: 00:03:10

Health: -1/24      AC:  2    Str: 11    XL:     3   Next: 89%
Magic:  0/8        EV: 12    Int: 16    God:
Gold:   110        SH:  0    Dex: 12    Spells: 5/9 levels left

rFire   x . .      SeeInvis .   c - +0 whip
rCold   + . .      Faith    .   (no shield)
rNeg    + + +      Spirit   .   a - +0 robe
rPois   ∞          Reflect  .   (no helmet)
rElec   .          Harm     .   (no cloak)
rCorr   .          Rampage  .   (no gloves)
Will    .....                   (no boots)
Stlth   ++........              (no amulet)
HPRegen 0.08/turn               (no ring)
MPRegen 0.11/turn               (no ring)

@: freezing walls
A: cold resistance 1, negative energy resistance 3, torment resistance 2, heat
vulnerability 1, no potions
a: no special abilities


You were on level 2 of the Dungeon.
You visited 1 branch of the dungeon, and saw 2 of its levels.

You collected 110 gold pieces.

Inventory:

Hand Weapons
 c - a +0 whip (weapon)
Armour
 a - a +0 robe (worn)
Scrolls
 b - a scroll of teleportation {unknown}
 d - a scroll of noise {unknown}
 e - 3 scrolls of fear {unknown}
 f - a scroll of identify {unknown}


   Skills:
 - Level 2.0 Dodging
 - Level 2.0 Stealth
 + Level 3.8 Spellcasting
 + Level 3.8 Ice Magic


You had 5 spell levels left.
You knew the following spells:

 Your Spells              Type           Power      Damage    Failure   Level
a - Freeze                Ice            60%        1d8       3%          1
b - Frozen Ramparts       Ice            30%        1d5       11%         3

Your spell library contained the following spells:

 Spells                   Type           Power      Damage    Failure   Level
 Ozocubu's Armour         Ice            15%        N/A       11%         3
 Static Discharge         Conj/Air       3%         N/A       26%         2
 Hailstorm                Conj/Ice       9%         3d4       61%         4
 Lightning Bolt           Conj/Air       1%         1d12      99%         5
 Maxwell's Capacitive Co  Air            1%         ∞         100%        8


Dungeon Overview and Level Annotations

Branches:
Dungeon (2/15)

Altars:
Yredelemnul

Shops:
D:1 (


Innate Abilities, Weirdness & Mutations

You are immune to poison.
Your flesh is cold resistant. (rC+)
You are immune to negative energy. (rN+++)
You are immune to unholy pain and torment.
You are vulnerable to heat. (rF-)
You do not drink.


Message History

Unknown command.
Unknown command.
Unknown command.
Unknown command.
The centaur skeleton hits you.
* * * LOW HITPOINT WARNING * * *
The centaur skeleton closely misses you.
You can't drink.
Okay, then.
Okay, then.
Okay, then.
Casting: Freeze (safe; 3% risk of failure)
Confirm with . or Enter, or press ? or * to list all spells.
The spell is quite dangerous to miscast (11% risk of failure)!
Continue anyway?
Casting: Frozen Ramparts (quite dangerous; 11% risk of failure)
Press: ? - help, Dir - look around, f - activate The walls around you are covered in ice.
The wall freezes the centaur skeleton but does no damage.
The centaur skeleton misses you. The centaur skeleton kicks you.
* * * LOW HITPOINT WARNING * * *
Unknown command.
Unknown command.
Casting: Frozen Ramparts (quite dangerous; 11% risk of failure)
Confirm with . or Enter, or press ? or * to list all spells.
You don't have enough magic to cast this spell.
Unknown command.
Unknown command.
You hit the centaur skeleton but do no damage.
The centaur skeleton is heavily damaged.
The centaur skeleton completely resists.
The wall freezes the centaur skeleton but does no damage.
The centaur skeleton hits you.
* * * LOW HITPOINT WARNING * * *
The centaur skeleton kicks you but does no damage.
You hit the centaur skeleton.
The centaur skeleton is heavily damaged.
The centaur skeleton completely resists.
The wall freezes the centaur skeleton but does no damage.
The centaur skeleton hits you.
You die...

######### #####....[...
#..........# #.###.#
.## #..#..###...##
#.............
#..#.#Z#....##
##########....@........
#...........#.#.#..####
#.#########........#
#.# #.#.#.#..# #.#
#..........
#.#########.#####.####
#........##.#####.####
########.##.##....#..
#(##......##†#


You could see a centaur skeleton.

Vanquished Creatures
  Jessica (D:2)
  2 dart slugs
  4 ball pythons
  4 endoplasms
  2 giant cockroaches
  3 goblins
  2 hobgoblins (D:1)
  4 kobolds
  2 quokkas (D:1)
  2 bats (D:1)
  3 frilled lizards
  3 rats
32 creatures vanquished.

Notes
Turn   | Place    | Note
-------+----------+-------------------------------------------
     0 | D:1      | protoss039 the Mummy Ice Elementalist began the quest for
                  | the Orb.
     0 | D:1      | Reached XP level 1. HP: 13/13 MP: 4/4
   449 | D:1      | Reached XP level 2. HP: 17/19 MP: 1/5
   649 | D:1      | Found Ujuiczaf's Weapon Shop.
  1606 | D:1      | Found a faded altar of an unknown god.
  1812 | D:2      | Noticed Jessica
  1818 | D:2      | Killed Jessica
  1819 | D:2      | Reached XP level 3. HP: 12/24 MP: 6/8
  1985 | D:2      | Learned a level 3 spell: Frozen Ramparts
  2352 | D:2      | Found a basalt altar of Yredelemnul.
  2451 | D:2      | HP: 1/24 [centaur skeleton (2)]
  2452 | D:2      | Slain by a centaur skeleton

Illustrated notes

Levels and vault maps discovered:
D:1:      lemuel_arrival_rhombus, layout_basic, serial_shops,
          nicolae_shop_advertising_works [nicolae_subvault_shop_adworks],
          shapermc_ecumenical_altar_petra
D:2:      layout_loops_ring, serial_glass, glass_columns_b, glass_columns_a,
          basic_altar, uniq_jessica, uniq_crazy_yiuf_cottage

Skill      XL: |  1  2 |
---------------+-------+-----
Spellcasting   | 3 |  3.8
Stealth        | 2 |  2.0
Dodging        | 2 |  2.0
Ice Magic      | |  3.8

Action                   || total
-------------------------++-------
Melee: Unarmed           ||     8
       Whip              ||    46
       Punch             ||     1
 Cast: Freeze            ||    44
       Frozen Ramparts   ||     1
 Stab: Sleeping          ||     5
Armor: Robe              ||    16
Dodge: Dodged            ||    66
